 Dungeon Crawl Stone Soup version 0.30-a0-743-gbfdf073431 (webtiles) character file.

Game seed: 16650983355863089500

51 Zdeegee the Shooter (level 3, 0/30 HPs)
             Began as a Minotaur Hunter on Feb 5, 2023.
             Killed from afar by Ijyb (10 damage)
             ... with a puff of flame
             ... on level 3 of the Dungeon.
             The game lasted 00:04:10 (1765 turns).

Zdeegee the Shooter (Minotaur Hunter)               Turns: 1765, Time: 00:04:11

Health: 0/30       AC:  4    Str: 17    XL:     3   Next: 57%
Magic:  2/2        EV: 12    Int:  6    God:
Gold:   59         SH:  0    Dex: 13    Spells: 2/2 levels left

rFire   . . .      SeeInvis .    b - +1 dagger (vamp)
rCold   . . .      Faith    .    (no shield)
rNeg    . . .      Spirit   .    c - +0 leather armour
rPois   .          Reflect  .    (helmet restricted)
rElec   .          Harm     .    (no cloak)
rCorr   .          Rampage  .    e - +0 pair of gloves
Will    .....                    (no boots)
Stlth   +                        (no amulet)
HPRegen 0.25/turn                (no ring)
MPRegen 0.08/turn                (no ring)

@: no status effects
A: horns 2, retaliatory headbutt
a: no special abilities


You were on level 3 of the Dungeon.
You visited 1 branch of the dungeon, and saw 3 of its levels.

You collected 59 gold pieces.

Inventory:

Hand Weapons
 a - a +0 shortbow
 b - a +1 vampiric dagger (weapon)
 n - a +0 hand axe
Missiles
 d - 20 stones
Armour
 c - a +0 leather armour (worn)
 e - a +0 pair of gloves (worn)
Jewellery
 k - an amulet of reflection
 o - a ring of wizardry
Scrolls
 f - a scroll of brand weapon {unknown}
 h - 2 scrolls of immolation
 i - 4 scrolls of identify
 m - a scroll of poison
Potions
 g - a potion of curing
 j - a potion of brilliance
 l - a potion of resistance


   Skills:
 * Level 2.8 Fighting
 * Level 5.4 Ranged Weapons
 * Level 0.4 Throwing
 * Level 0.6 Armour
 * Level 2.4 Dodging
 + Level 0.7 Stealth


You had 2 spell levels left.
You didn't know any spells.
Your spell library contained the following spells:

 Spells                   Type           Power      Damage    Failure   Level
 Sandblast                Erth           0%         2d4       52%         1
 Passwall                 Tmut/Erth      0%         N/A       65%         2
 Stone Arrow              Conj/Erth      0%         3d7       87%         3


Dungeon Overview and Level Annotations

Branches:
Dungeon (3/15)

Altars:

Annotations:
D:3 Ijyb


Innate Abilities, Weirdness & Mutations

You have a pair of horns on your head.
You reflexively headbutt those who attack you in melee.


Message History

No target in view!
No target in view!
No target in view!
Ijyb the Twisted Goblin comes into view.
She is wielding a +0 club and carrying a wand of flame (30).
Ijyb is nearby!
Ijyb is nearby!
You shoot an arrow. The arrow hits Ijyb.
Ijyb is lightly wounded.
You shoot an arrow. The arrow hits Ijyb but does no damage.
Ijyb is lightly wounded.
Ijyb screams, "Level is mine!
All mine!"
You shoot an arrow. The arrow hits Ijyb but does no damage.
Ijyb is lightly wounded.
You shoot an arrow. The arrow closely misses Ijyb.
You shoot an arrow. The arrow closely misses Ijyb.
Ijyb screams, "Die!"
Ijyb hits you with a +0 club.
You shoot an arrow. The arrow closely misses Ijyb.
Ijyb zaps a wand.
The puff of flame hits you!
You shoot an arrow. The arrow closely misses Ijyb.
Ijyb hits you with a +0 club.
You are too injured to fight recklessly!
You are too injured to fight recklessly!
You feel a sense of dread.
b - a +1 vampiric dagger (weapon)
Ijyb hits you with a +0 club.
* * * LOW HITPOINT WARNING * * *
You hit Ijyb.
You feel better.
Your headbutt misses Ijyb.
Ijyb is lightly wounded.
Ijyb barely misses you. You furiously retaliate!
You headbutt Ijyb. You hit Ijyb.
You feel better.
Your headbutt misses Ijyb.
Ijyb is heavily wounded.
Ijyb barely misses you.
You hit Ijyb.
You feel better.
You headbutt Ijyb.
Ijyb is severely wounded.
Ijyb hits you but does no damage.
You closely miss Ijyb. Your headbutt misses Ijyb.
Ijyb is severely wounded.
Ijyb zaps a wand.
The puff of flame hits you!
You die...

##.#..#.##
##.#..#.##
##.#..#.##
##.#..#.##
##.#..#.##
##.#..#.##
##.#..#.##
#......##
#+#.#.@#
#.#g.# ##
.#..# ##
#..# #.


You could see Ijyb.

Vanquished Creatures
  An adder (D:2)
  A dart slug (D:1)
  5 endoplasms
  4 giant cockroaches
  4 hobgoblins
  2 jackals (D:1)
  2 quokkas (D:2)
  5 ball pythons
  2 bats
  3 frilled lizards (D:1)
  4 goblins
  A kobold (D:2)
  2 rats
36 creatures vanquished.

Notes
Turn   | Place    | Note
-------+----------+-------------------------------------------
     0 | D:1      | Zdeegee the Minotaur Hunter began the quest for the Orb.
     0 | D:1      | Reached XP level 1. HP: 18/18 MP: 0/0
     3 | D:1      | You fall into a shaft and drop 1 floor!
    98 | D:1      | Found a faded altar of an unknown god.
   115 | D:1      | Noticed a floating eye
   121 | D:1      | Noticed a floating eye
   124 | D:1      | Noticed an eye of devastation
   124 | D:1      | Noticed a golden eye
   138 | D:1      | Reached XP level 2. HP: 24/25 MP: 1/1
   516 | D:1      | Reached skill level 5 in Ranged Weapons
   909 | D:2      | Reached XP level 3. HP: 30/30 MP: 2/2
  1751 | D:3      | Noticed Ijyb
  1765 | D:3      | Killed from afar by Ijyb

Illustrated notes

Levels and vault maps discovered:
D:1:      doesnt_arrival_eight_statues, layout_basic,
          hellmonk_ecumenical_altar_watching_god
D:2:      layout_basic
D:3:      minmay_razor_zed, layout_loops_ring, serial_shops, nicolae_shop_stone,
          uniq_terence, uniq_ijyb, uniq_sigmund

Skill      XL: |  1  2 |
---------------+-------+-----
Ranged Weapons | 5 |  5.4
Fighting       | |  2.8
Throwing       | |  0.4
Armour         | |  0.6
Dodging        | |  2.4
Stealth        | |  0.7

Action                     || total
---------------------------++-------
  Melee: Dagger            ||     4
         Headbutt          ||     1
   Fire: Shortbow          ||    89
    Use: Scroll            ||     5
 Armour: Leather armour    ||     3
  Dodge: Dodged            ||    12

Table legend: (Time is in decaauts)
 A = Elapsed time spent in this place.
 B = Non-inter-level travel time spent in this place.
 C = Inter-level travel time spent in this place.
 D = Time resting spent in this place.
 E = Time spent auto-exploring this place.
 F = Levels seen in this place.
 G = Mean time per level.
                   A        B        C        D        E       F      G
               +--------+--------+--------+--------+--------+-----+--------+
         Total |   1788 |   1745 |     43 |      0 |   1506 |   3 |  596.0 |
       Dungeon |   1788 |   1745 |     43 |      0 |   1506 |   3 |  596.0 |
               +--------+--------+--------+--------+--------+-----+--------+

Top non-repeatable levels by time:
     D:2: 845 daAuts
     D:1: 794 daAuts
     D:3: 148 daAuts
